 Dungeon Crawl Stone Soup version 0.28-a0-268-g3f656e82c2 (webtiles) character file.

Game seed: 1142389783379587527

198 theanonym the Skirmisher (level 5, -7/42 HPs)
             Began as a Mummy Delver on Aug 29, 2021.
             Was a Plaything of Xom.
             Engulfed by a steam dragon's steam (8 damage)
             ... on level 3 of the Dungeon.
             The game lasted 00:04:53 (4538 turns).

theanonym the Skirmisher (Mummy Delver)             Turns: 4538, Time: 00:04:54

Health: -7/42      AC:  9    Str: 23    XL:     5   Next: 47%
Magic:  5/5        EV: 10    Int:  9    God:    Xom [...*..]
Gold:   118        SH:  0    Dex: 13    Spells: 4/4 levels left

rFire   . . .      SeeInvis .   a - +0 spear (vorpal)
rCold   . . .      Faith    .   (no shield)
rNeg    + + +      Spirit   .   h - +0 scale mail
rPois   ∞          Reflect  .   (no helmet)
rElec   .          Harm     .   (no cloak)
rCorr   .          Rampage  .   (no gloves)
Will    .....                   l - +2 pair of boots
Stlth   +.........              (no amulet)
HPRegen 0.14/turn               i - +6 ring of strength
MPRegen 0.09/turn               b - ring of fire

@: no status effects
A: cold resistance 1, negative energy resistance 3, torment resistance 2, heat
vulnerability 1, no potions
a: Renounce Religion


Innate Abilities, Weirdness & Mutations

You are immune to poison.
Your flesh is cold resistant. (rC+)
You are immune to negative energy. (rN+++)
You are immune to unholy pain and torment.
You are vulnerable to heat. (rF-)
You do not drink.


   Skills:
 + Level 4.3 Fighting
 * Level 4.0 Polearms
 - Level 1.5 Dodging
 - Level 4.1 Stealth


You had 4 spell levels left.
You didn't know any spells.
Your spell library contained the following spells:

 Spells                   Type           Power      Damage    Failure   Level
 Animate Skeleton         Necr           0%         N/A       73%         1
 Apportation              Tloc           0%         N/A       73%         1
 Corona                   Hex            0%         N/A       73%         1
 Summon Small Mammal      Summ           0%         N/A       73%         1
 Dazzling Flash           Conj/Hex       0%         N/A       97%         3
 Frozen Ramparts          Ice            0%         1d2       97%         3
 Iskenderun's Mystic Bla  Conj/Tloc      0%         2d3       100%        4
 Summon Ice Beast         Ice/Summ       0%         N/A       100%        4
 Starburst                Conj/Fire      0%         6d3       100%        6
 Ice Form                 Ice/Tmut       Unusable   N/A       N/A         4

Skill      XL: |  1  2  3  4  5 |
---------------+----------------+-----
Polearms       | 2 3 4 |  4.0
Fighting       | 4 |  4.3
Dodging        | |  1.5
Stealth        | |  4.1

Action                   |  1- 3 |  4- 6 || total
-------------------------+-------+-------++-------
Melee: Spear             |    90 |   251 ||   341
  Use: Scroll            |     1 |     6 ||     7
 Stab: Sleeping          |     2 |     5 ||     7
Armor: Leather armour    |    14 |       ||    14
       Scale mail        |     9 |    94 ||   103
Dodge: Dodged            |    39 |    88 ||   127

Inventory:

Hand Weapons
 a - a +0 vorpal spear (weapon)
Armour
 h - a +0 scale mail (worn)
 l - a +2 pair of boots (worn)
Jewellery
 b - a ring of fire (right hand)
 i - a +6 ring of strength (left hand)
Wands
 c - a wand of digging (3)
Scrolls
 f - a scroll of fog
 g - a scroll of vulnerability {unknown}
 j - 3 scrolls of amnesia
 k - 2 scrolls of noise
 m - a scroll of enchant weapon {unknown}
 n - a scroll of torment {unknown}
 o - a scroll of enchant armour {unknown}
 t - 2 scrolls of teleportation
 y - a scroll of magic mapping


You were on level 3 of the Dungeon.
You worshipped Xom.
You were a favourite toy of Xom.
You visited 1 branch of the dungeon, and saw 5 of its levels.

You collected 118 gold pieces.

Dungeon Overview and Level Annotations

Branches:
Dungeon (5/15)             Temple (0/1) D:5

Altars:
Makhleb
Xom

Annotations:
D:5 Edmund, Menkaure

#....###### #..........
#..........
#####..........
#....>.........
#............b.
#..............
###########)......#......
#....§§.@§+D......#######
#.#########.......# #.#
###'#+#######
#.###########.........#
#.#...^.....#.........#
#.#.#######.#.........###
#.#.# #.#............
#.#.# #.#............
#.#.# #.#............


There were no monsters in sight!

Notes
Turn   | Place    | Note
-------+----------+-------------------------------------------
     0 | D:5      | theanonym the Mummy Delver began the quest for the Orb.
     0 | D:5      | Reached XP level 1. HP: 18/18 MP: 1/1
    18 | D:5      | Noticed Menkaure
    78 | D:5      | Reached skill level 2 in Polearms
    78 | D:5      | Reached XP level 2. HP: 14/24 MP: 2/2
   241 | D:5      | Noticed Edmund
   244 | D:5      | HP: 6/24 [Menkaure (18)]
   571 | D:4      | HP: 12/24 [howler monkey skeleton (3)]
   683 | D:4      | HP: 12/24 [frozen (1)]
   940 | D:4      | Reached XP level 3. HP: 26/29 MP: 3/3
  1006 | D:4      | HP: 13/29 [hound (5)]
  1012 | D:4      | HP: 7/29 [hound (1)]
  1427 | D:1      | Reached skill level 3 in Polearms
  1515 | D:1      | Reached XP level 4. HP: 37/37 MP: 4/4
  1613 | D:1      | Found a faded altar of an unknown god.
  1620 | D:1      | Became a worshipper of Xom of Chaos
  1800 | D:1      | XOM: silly message
  1914 | D:1      | XOM: cloud trail
  2104 | D:2      | XOM: cloud trail
  2216 | D:2      | Found a shimmering altar of Xom.
  2291 | D:2      | Found a burning altar of Makhleb.
  2646 | D:2      | XOM is BORED!
  2724 | D:2      | Reached skill level 4 in Fighting
  2809 | D:2      | XOM: 8-stop teleportation journey
  3053 | D:2      | XOM: scenery: 1 doors close
  3211 | D:3      | Reached XP level 5. HP: 32/42 MP: 5/5
  3710 | D:3      | Reached skill level 4 in Polearms
  3741 | D:3      | XOM: scenery: summon butterflies
  4089 | D:4      | Noticed a steam dragon
  4101 | D:3      | HP: 19/42 [steam dragon] (5)]
  4104 | D:3      | HP: 5/42 [steam dragon] (6)]
  4483 | D:3      | XOM: scenery: 1 doors open
  4530 | D:3      | HP: 18/42 [steam dragon (6)]
  4534 | D:3      | HP: 6/42 [steam dragon/ball of steam (10)]
  4535 | D:3      | HP: 1/42 [steam dragon] (5)]
  4538 | D:3      | Engulfed by a steam dragon's steam

Vanquished Creatures
  A centaur zombie (D:3)
  A hound (D:4)
  4 adders
  A howler monkey skeleton (D:4)
  A worm (D:2)
  3 dart slugs (D:1)
  2 orcs
  11 endoplasms
  7 giant cockroaches
  4 goblins
  6 hobgoblins
  5 quokkas
  9 ball pythons
  8 bats
  6 frilled lizards
  6 kobolds
  4 rats
79 creatures vanquished.

Vanquished Creatures (others)
  A gnoll (D:3)
  33 plants (D:2)
34 creatures vanquished.

Grand Total: 113 creatures vanquished

Table legend: (Time is in decaauts)
 A = Elapsed time spent in this place.
 B = Non-inter-level travel time spent in this place.
 C = Inter-level travel time spent in this place.
 D = Time resting spent in this place.
 E = Time spent auto-exploring this place.
 F = Levels seen in this place.
 G = Mean time per level.
                   A        B        C        D        E       F      G
               +--------+--------+--------+--------+--------+-----+--------+
         Total |   4519 |   4343 |    176 |   1294 |   2405 |   5 |  903.8 |
       Dungeon |   4519 |   4343 |    176 |   1294 |   2405 |   5 |  903.8 |
               +--------+--------+--------+--------+--------+-----+--------+

Top non-repeatable levels by time:
     D:3: 1545 daAuts
     D:2: 1110 daAuts
     D:4: 1003 daAuts
     D:1: 592 daAuts
     D:5: 268 daAuts
